 Dungeon Crawl Stone Soup version 0.29-a0-676-ga64570c9d2 (console) character file.

Game seed: 4886020558418152870

336 om the Firebug (level 6, -3/39 HPs)
             Began as an Octopode Fire Elementalist on June 24, 2022.
             Slain by a water moccasin zombie (6 damage)
             ... in an ossuary.
             The game lasted 00:14:13 (4733 turns).

om the Firebug (Octopode Fire Elementalist)         Turns: 4733, Time: 00:14:14

Health: -3/39      AC:  1    Str:  7    XL:     6   Next: 54%
Magic:  6/10       EV: 14    Int: 18    God:
Gold:   159        SH:  0    Dex: 14    Spells: 5/11 levels left

rFire   + . .      SeeInvis .   b - staff of fire
rCold   . . .      Faith    .   (no shield)
rNeg    . . .      Spirit   .   (helmet restricted)
rPois   .          Reflect  .   (no amulet)
rElec   .          Harm     .   (no ring)
rCorr   .          Rampage  .   (no ring)
Will    .....                   (no ring)
Stlth   ++++......              (no ring)
HPRegen 0.13/turn               (no ring)
MPRegen 0.12/turn               (no ring)
                                (no ring)
                                (no ring)

@: very slightly contaminated
A: almost no armour, amphibious, 8 rings, camouflage 1, gelatinous body 1,
(nimble swimmer 1), tentacles
a: no special abilities


You were in an ossuary.
You visited 1 branch of the dungeon, and saw 4 of its levels.
You also visited: Ossuary.

You collected 159 gold pieces.

Inventory:

Hand Weapons
 k - a +0 trident
Magical Staves
 b - a staff of fire (weapon)
Jewellery
 q - an amulet of regeneration
Wands
 p - a wand of charming (10)
Scrolls
 d - a scroll of blinking
 f - a scroll of enchant weapon
 m - 2 scrolls of enchant armour
 o - a scroll of vulnerability
Potions
 a - a potion of magic
 c - a potion of cancellation {unknown}
 e - a potion of lignification {unknown}
 g - a potion of mutation {unknown}
 h - 3 potions of heal wounds {unknown}
 i - 3 potions of haste {unknown}
 j - 2 potions of curing
 l - a potion of brilliance
 n - a potion of might


   Skills:
 - Level 2.0 Fighting
 + Level 3.6 Dodging
 - Level 4.0 Stealth
 - Level 3.0 Spellcasting
 - Level 3.0 Conjurations
 - Level 4.0 Fire Magic


You had 5 spell levels left.
You knew the following spells:

 Your Spells              Type           Power      Damage    Failure   Level
a - Foxfire               Conj/Fire      88%        2x1d8     3%          1
b - Scorch                Fire           50%        2d7       4%          2
c - Conjure Flame         Conj/Fire      22%        6-21      12%         3

Your spell library contained the following spells:

 Spells                   Type           Power      Damage    Failure   Level
 Inner Flame              Hex/Fire       14%        N/A       22%         3
 Sublimation of Blood     Necr           2%         N/A       24%         2
 Wereblood                Tmut           2%         N/A       24%         2
 Ignite Poison            Fire/Tmut/Pois 11%        N/A       28%         3
 Flame Wave               Conj/Fire      22%        2d7       36%         4
 Sticky Flame             Conj/Fire      22%        2d4       36%         4
 Cause Fear               Hex            1%         N/A       85%         4
 Summon Hydra             Summ           1%         N/A       100%        7
 Discord                  Hex            1%         N/A       100%        8


Dungeon Overview and Level Annotations

Branches:
Dungeon (4/15)            Ossuary (1/1)
 Temple: D:4-7

Altars:
Elyvilon
Qazlal
Uskayaw


Innate Abilities, Weirdness & Mutations

You cannot wear most types of armour.
You are amphibious.
You can wear up to eight rings at the same time.
Your skin changes colour to match your surroundings (Stealth+).
Your rubbery body absorbs attacks. (AC +1, EV +1)
((You are camouflaged when in or above water. (Stealth+)))
You have tentacles for arms and can constrict up to eight enemies at once.


Message History

Casting: Scorch (safe; 4% risk of failure)
Confirm with . or Enter, or press ? or * to list all spells.
You feel a surge of power!
Flames lash the gnoll zombie.
The gnoll zombie is almost destroyed.
The gnoll zombie's fire resistance burns away.
The gnoll zombie hits you but does no damage.
The water moccasin zombie barely misses you.
Casting: Scorch (safe; 4% risk of failure)
Confirm with . or Enter, or press ? or * to list all spells.
You feel a surge of power!
You miscast Scorch.
You are very lightly contaminated with residual magic.
Nothing appears to happen.
The water moccasin zombie closely misses you.
The gnoll zombie closely misses you.
Unknown command.
Magic courses through your body. The water moccasin zombie misses you.
The gnoll zombie closely misses you.
Casting: Scorch (safe; 4% risk of failure)
Confirm with . or Enter, or press ? or * to list all spells.
You feel a surge of power!
Flames lash the gnoll zombie.
The gnoll zombie is burned terribly!
You destroy the gnoll zombie!
The water moccasin zombie closely misses you.
The water moccasin zombie barely misses you.
You are too injured to fight recklessly!
Casting: Scorch (safe; 4% risk of failure)
Confirm with . or Enter, or press ? or * to list all spells.
You feel a surge of power!
You conjure some foxfire!
The water moccasin zombie is no longer more vulnerable to fire.
The water moccasin zombie bites you. The kobold zombie barely misses you.
Your foxfire dissipates!
The foxfire hits the water moccasin zombie.
The water moccasin zombie is moderately damaged.
Casting: Foxfire (safe; 3% risk of failure)
Confirm with . or Enter, or press ? or * to list all spells.
You feel a surge of power!
You miscast Foxfire.
Nothing appears to happen.
The water moccasin zombie bites you.
* * * LOW HITPOINT WARNING * * *
The water moccasin zombie attacks as you move away!
The water moccasin zombie bites you!
* * * LOW HITPOINT WARNING * * *
The water moccasin zombie bites you.
You die...

################## ##
#...'@Z.#....#...# .∩#
#...#...#Z...#...#..Z#
#...#...Z....'...'...#
###'##############+###
#...# #...# #...#
#...# ###'# #...#
#...#


You could see a water moccasin zombie and an orc zombie.

Vanquished Creatures
  A water moccasin zombie (Ossuary)
  An orc priest (D:4)
  An iguana (D:4)
  Jessica (D:2)
  2 orc wizards (D:4)
  Robin (D:2)
  An adder (D:3)
  2 ufetubi (D:4)
  3 adder zombies (Ossuary)
  A dart slug (D:2)
  10 orcs
  6 ball pythons
  5 endoplasms
  2 giant cockroaches (D:1)
  12 goblins
  14 hobgoblins
  4 jackals (D:1)
  8 kobolds
  4 quokkas
  2 bats
  3 gnoll zombies (Ossuary)
  5 hobgoblin zombies (Ossuary)
  3 rats
92 creatures vanquished.

Vanquished Creatures (others)
  251 foxfires
  7 plants (D:4)
258 creatures vanquished.

Grand Total: 350 creatures vanquished

Notes
Turn   | Place    | Note
-------+----------+-------------------------------------------
     0 | D:1      | om the Octopode Fire Elementalist began the quest for the
                  | Orb.
     0 | D:1      | Reached XP level 1. HP: 11/11 MP: 3/3
   156 | D:1      | Reached XP level 2. HP: 17/17 MP: 0/5
   301 | D:1      | Found a faded altar of an unknown god.
  1008 | D:2      | Noticed Jessica
  1014 | D:2      | Killed Jessica
  1015 | D:2      | Reached XP level 3. HP: 21/21 MP: 1/6
  1736 | D:2      | Noticed Robin
  1811 | D:2      | Reached XP level 4. HP: 27/27 MP: 4/8
  2448 | D:2      | Killed Robin
  3198 | D:3      | Reached XP level 5. HP: 31/31 MP: 3/9
  3453 | D:3      | Found a hide-covered altar of Uskayaw.
  3573 | D:4      | Found a stormy altar of Qazlal.
  3629 | D:4      | Reached skill level 1 in Fighting
  3659 | D:3      | Reached XP level 6. HP: 22/39 MP: 2/10
  4105 | D:4      | Found a white marble altar of Elyvilon.
  4171 | D:4      | Found a sand-covered staircase.
  4178 | Ossuary  | Entered an ossuary
  4291 | Ossuary  | Learned a level 2 spell: Scorch
  4295 | Ossuary  | Learned a level 3 spell: Conjure Flame
  4733 | Ossuary  | Slain by a water moccasin zombie

Illustrated notes

Levels and vault maps discovered:
D:1:      onia_arrival_mini_maze_b, layout_rooms,
          dreamdust_ecumenical_altar_grove, minmay_misc_feat_doors,
          roderic_lattice_a
D:2:      layout_basic, uniq_jessica, uniq_robin
D:3:      layout_basic, lemuel_coloured_pillars_altar,
          minmay_goblin_kobold_house
D:4:      layout_loops_ring, nicolae_elyvilon_temple_path,
          nicolae_qazlal_scattered_showers, temple_fountains,
          gup_ossuary_entry_pyramid
Ossuary:  ossuary_tomb_2

Skill      XL: |  1  2  3  4  5  6 |
---------------+-------------------+-----
Conjurations   | 2 3 |  3.0
Spellcasting   | 3 |  3.0
Fire Magic     | 4 |  4.0
Fighting       | 2 |  2.0
Stealth        | 4 |  4.0
Dodging        | 3 |  3.6

Action                   |  1- 3 |  4- 6 || total
-------------------------+-------+-------++-------
Melee: Unarmed           |    11 |       ||    11
       Constrict         |     4 |     6 ||    10
       Tentacles         |     3 |     7 ||    10
       Staff             |     7 |    23 ||    30
       Trident           |     3 |       ||     3
 Cast: Foxfire           |    35 |   110 ||   145
       Scorch            |       |     6 ||     6
       Conjure Flame     |       |     2 ||     2
  Use: Scroll            |     4 |     7 ||    11
       Potion            |       |     3 ||     3
 Stab: Sleeping          |     2 |     1 ||     3
Armor: Skin              |     2 |     4 ||     6
Dodge: Dodged            |    22 |    63 ||    85

Table legend: (Time is in decaauts)
 A = Elapsed time spent in this place.
 B = Non-inter-level travel time spent in this place.
 C = Inter-level travel time spent in this place.
 D = Time resting spent in this place.
 E = Time spent auto-exploring this place.
 F = Levels seen in this place.
 G = Mean time per level.
                   A        B        C        D        E       F      G
               +--------+--------+--------+--------+--------+-----+--------+
         Total |   4739 |   4641 |     98 |   1074 |   2592 |   5 |  947.8 |
       Dungeon |   4183 |   4085 |     98 |    703 |   2530 |   4 | 1045.8 |
       Ossuary |    555 |    555 |      0 |    371 |     62 |   1 |  555.0 |
               +--------+--------+--------+--------+--------+-----+--------+

Top non-repeatable levels by time:
     D:2: 1567 daAuts
     D:3: 1058 daAuts
     D:1: 962 daAuts
     D:4: 594 daAuts
 Ossuary: 555 daAuts
